 Dungeon Crawl Stone Soup version 0.31-a0-675-g238779eb0a (webtiles) character file.

Game seed: 5992876674709806870

5264 Xavori the Covert (level 10, -2/66 HPs)
             Began as an Octopode Chaos Knight on Sept 5, 2023.
             Was a Plaything of Xom.
             Engulfed by a steam dragon's steam (10 damage)
             ... on level 7 of the Dungeon.
             The game lasted 00:08:40 (14561 turns).

Xavori the Covert (Octopode Chaos Knight)          Turns: 14561, Time: 00:08:41

Health: -2/66      AC:  8    Str: 10    XL:     10   Next: 62%
Magic:  9/9        EV: 17    Int: 19    God:    Xom [.*....]
Gold:   455        SH:  9    Dex: 21    Spells: 9/9 levels left

rFire   x . .        A - +3 dagger (chaos)
rCold   + + .        (no shield)
rNeg    . . .        w - +1 hat {Stlth+}
rPois   +            y - amulet of reflection
rElec   +            q - +6 ring of dexterity
rCorr   .            u - ring of protection from cold
SInv    +            (no ring)
Will    +....        (no ring)
Stlth   +++++++      (no ring)
HPRegen 0.31/turn    (no ring)
MPRegen 0.11/turn    (no ring)
                     (no ring)

%: reflection
@: no status effects
A: almost no armour, amphibious, 8 rings, camouflage 1, gelatinous body 1,
(nimble swimmer 1), tentacles, antennae 2, tentacle spike 1, iridescent scales
3, large bone plates 1, see invisible, clever 1, cold resistance 1, low MP 1,
strong-willed 1, poison resistance, electricity resistance, heat vulnerability
1, MP-powered wands
a: Renounce Religion


You were on level 7 of the Dungeon.
You worshipped Xom.
You were a plaything of Xom.
You visited 1 branch of the dungeon, and saw 8 of its levels.
You also visited: Sewer.

You collected 455 gold pieces.

Inventory:

Hand Weapons
 a - a +0 short sword of chaos
 z - a +0 dagger of speed
 A - a +3 dagger of chaos (weapon)
Missiles
 h - 2 throwing nets
Armour
 w - a +1 hat of stealth (worn)
Jewellery
 f - an amulet of the acrobat
 q - a +6 ring of dexterity (left tentacle)
 u - a ring of protection from cold (right tentacle)
 y - an amulet of reflection (around mantle)
Talismans
 v - a flux talisman
Wands
 r - a wand of acid (8)
 B - a wand of flame (10)
Scrolls
 b - a scroll of butterflies
 c - 4 scrolls of teleportation
 d - 5 scrolls of poison
 g - a scroll of enchant weapon {unknown}
 m - a scroll of immolation {unknown}
 p - 3 scrolls of enchant armour {unknown}
 s - 3 scrolls of blinking {unknown}
 C - 2 scrolls of vulnerability {unknown}
 D - a scroll of brand weapon {unknown}
Potions
 e - a potion of invisibility {unknown}
 i - 4 potions of haste {unknown}
 j - 4 potions of curing
 k - a potion of ambrosia {unknown}
 l - a potion of magic {unknown}
 n - a potion of lignification {unknown}
 o - a potion of cancellation {unknown}
 t - a potion of heal wounds {unknown}
 x - a potion of attraction
 E - a potion of might {unknown}
 F - a potion of mutation {unknown}


   Skills:
 + Level 5.3 Fighting
 + Level 7.6 Short Blades
 + Level 6.4 Dodging
 + Level 12.2 Stealth
 + Level 4.6 Shields
 * Level 5.2 Shapeshifting


You had 9 spell levels left.
You didn't know any spells.
Your spell library contained the following spells:

 Spells                   Type           Power      Damage    Failure   Level
 Foxfire                  Conj/Fire      0%         2x1d4     21%         1
 Summon Small Mammal      Summ           0%         N/A       21%         1
 Call Canine Familiar     Summ           0%         N/A       52%         3
 Summon Guardian Golem    Hex/Summ       0%         N/A       52%         3
 Plasma Beam              Fire/Air       0%         2x1d10    100%        6
 Starburst                Conj/Fire      0%         6d3       100%        6


Dungeon Overview and Level Annotations

Branches:
Dungeon (8/15)             Temple (0/1) D:4           Sewer (visited)
   Lair: D:8-11

Altars:
Dithmenos
Elyvilon
Makhleb
Qazlal
Xom
The Shining One

Shops:
D:4 :   D:6 [

Annotations:
D:8 2 runed translucent doors


Innate Abilities, Weirdness & Mutations

You cannot wear most types of armour.
You are amphibious.
You can wear up to eight rings at the same time.
Your skin changes colour to match your surroundings (Stealth+).
Your rubbery body absorbs attacks. (AC +1, EV +1)
((You are camouflaged when in or above water. (Stealth+)))
You have tentacles for arms and can constrict up to eight enemies at once.
You have a pair of antennae on your head.
One of your tentacles bears a spike.
You are completely covered in iridescent scales. (AC +6)
You are partially covered in large bone plates. (SH +4)
You have supernaturally acute eyesight. (SInv)
Your mind is acute. (Int +4, Str/Dex -1)
Your flesh is cold resistant. (rC+)
Your magical capacity is low. (-10% MP)
You are strong-willed. (Will+)
Your system is resistant to poisons. (rPois)
You are resistant to electric shocks. (rElec)
You are vulnerable to heat. (rF-)
You expend magic power (3 MP) to strengthen your wands.


Message History

You pierce the hornet, but do no damage.
The hornet is severely wounded.
You constrict the hornet. The hornet stings you!
You hit the hornet. You freeze the hornet. You squeeze the hornet.
The hornet is almost dead.
You constrict the hornet, but do no damage.
The hornet closely misses you.
Unknown command.
You hit the hornet but do no damage.
You pierce the hornet.
The hornet is almost dead.
You constrict the hornet.
You kill the hornet!
The steam dragon barely misses your quasit.
The steam dragon completely misses your quasit.
You swap places.
You block the steam dragon's attack. x2
You see here a hornet corpse.
Unknown command.
You hit the steam dragon. You burn the steam dragon.
You pierce the steam dragon.
Your squeeze misses the steam dragon.
The steam dragon is lightly wounded.
You barely miss the steam dragon.
You pierce the steam dragon.
The steam dragon is lightly wounded.
The steam dragon barely misses you. The steam dragon closely misses you.
You closely miss the steam dragon.
You pierce the steam dragon.
The steam dragon is lightly wounded.
You block the steam dragon's attack. x2
You hit the steam dragon but do no damage.
You drain the steam dragon.
You pierce the steam dragon.
The steam dragon is moderately wounded.
Unknown command.
You hit the steam dragon but do no damage.
You pierce the steam dragon, but do no damage.
The steam dragon is moderately wounded.
The steam dragon breathes steam at you. The ball of steam hits you!!
The steam scalds you terribly!
* * * LOW HITPOINT WARNING * * *
The ball of steam misses your quasit.
You swap places.
You are engulfed in a cloud of scalding steam.
You die...

#.# #.# #.# #.# #.#
############.###
#§§............#
#§§_#####'##...#
#5@## #⌠.⌠.#...#
##5##.##....#...# ##
#.D8..$#._..#...# #.
#_.†..$#....#.### #.
#.....$#....#.#####.
#..8..$#._..#.......
#..##.##....#.######
#...####⌠.⌠.#.### #
#....#####'##...# #


You could see a steam dragon (catching breath, drained, ally target), a friendly
quasit (summoned) and a friendly white imp (summoned).

Vanquished Creatures
  A salamander (shapeshifter) (D:8)
  A hornet (D:7)
  A tarantella (shapeshifter) (D:8)
  Grinder (D:3)
  Sigmund (D:4)
  3 steam dragons
  3 water moccasins
  A black bear (D:5)
  3 ice beasts
  An orc warrior (D:7)
  A sky beast (D:6)
  A tengu (D:6)
  An ogre (D:4)
  A centaur (D:7)
  A phantom (D:5)
  2 kobold brigands
  2 bullfrogs
  A gnoll sergeant (D:7)
  3 scorpions
  6 wights (D:8)
  A water moccasin skeleton (D:5)
  6 killer bees (D:8)
  3 howler monkeys (D:8)
  6 crimson imps (D:7)
  4 bullfrog zombies (D:5)
  A centaur zombie (D:5)
  A bullfrog skeleton (D:5)
  A jelly (D:5)
  A gnoll bouda (D:5)
  A centaur skeleton (D:5)
  6 hounds
  2 orc priests
  4 iguanas
  Ijyb (D:3)
  5 orc wizards
  2 hound zombies (D:5)
  9 adders
  9 gnolls
  3 river rats (Sewer)
  5 white imps
  2 ufetubi
  3 worms (D:3)
  2 dart slugs
  19 orcs
  5 endoplasms
  9 giant cockroaches
  A goblin (D:3)
  2 hobgoblins
  4 jackals (D:2)
  4 quokkas
  12 ball pythons
  7 bats
  8 frilled lizards
  16 kobolds
  12 rats
  A butterfly (D:4)
213 creatures vanquished.

Vanquished Creatures (others)
  A shadow imp (D:7)
1 creature vanquished.

Grand Total: 214 creatures vanquished

Notes
Turn   | Place    | Note
-------+----------+-------------------------------------------
     0 | D:1      | Xavori the Octopode Chaos Knight began the quest for the
                  | Orb.
     0 | D:1      | Reached XP level 1. HP: 16/16 MP: 1/1
    66 | D:1      | XOM: silly message
   163 | D:1      | Reached XP level 2. HP: 18/21 MP: 2/2
   470 | D:1      | XOM: noise
   636 | D:2      | Reached skill level 1 in Stealth
   640 | D:2      | Reached XP level 3. HP: 24/26 MP: 3/3
  1150 | D:1      | XOM: divination: detect items
  1946 | D:1      | XOM: silly message
  2112 | D:1      | XOM: silly message
  2515 | D:1      | XOM: silly message
  3150 | D:1      | XOM: give mutations
  3150 | D:1      | Gained mutation: You are vulnerable to heat. (rF-) [Xom's
                  | mischief]
  3150 | D:1      | Gained mutation: Your magical capacity is low. (-10% MP)
                  | [Xom's mischief]
  3150 | D:1      | Gained mutation: One of your tentacles bears a spike.
                  | [Xom's mischief]
  3150 | D:1      | Gained mutation: You are partially covered in iridescent
                  | scales. (AC +2) [Xom's mischief]
  3724 | D:1      | XOM: divination: magic mapping
  3765 | D:1      | XOM is BORED!
  3765 | D:1      | XOM: silly message
  4496 | D:1      | XOM: divination: detect creatures
  4757 | D:1      | XOM: divination: detect creatures
  5223 | D:1      | XOM is BORED!
  5223 | D:1      | XOM: noise
  5709 | D:1      | XOM: divination: detect items
  6159 | D:1      | XOM: silly message
  6281 | D:1      | XOM: scenery: 1 doors close
  6456 | D:1      | XOM: scenery: 1 doors open
  6712 | D:1      | XOM: scenery: 1 doors close
  7004 | D:1      | XOM: scenery: 1 doors open
  7165 | D:1      | XOM is BORED!
  7165 | D:1      | XOM: draining
  7975 | D:1      | XOM: god gift: plate armour {god gift}
  8636 | D:1      | XOM: god gift: chain mail {god gift}
  8796 | D:1      | XOM: scenery: 1 doors close
  8893 | D:1      | XOM: give mutations
  8893 | D:1      | Gained mutation: You are mostly covered in iridescent
                  | scales. (AC +4) [Xom's grace]
  8893 | D:1      | Gained mutation: You are completely covered in iridescent
                  | scales. (AC +6) [Xom's grace]
  8893 | D:1      | Gained mutation: Your system is resistant to poisons.
                  | (rPois) [Xom's grace]
  9024 | D:2      | Found a burning altar of Makhleb.
  9098 | D:2      | XOM: give mutations
  9098 | D:2      | Gained mutation: You have a pair of small antennae on your
                  | head. [Xom's grace]
  9098 | D:2      | Gained mutation: You are partially covered in large bone
                  | plates. (SH +4) [Xom's grace]
  9103 | D:2      | XOM: 3-stop teleportation journey
  9128 | D:2      | Reached skill level 2 in Stealth
  9311 | D:3      | Reached skill level 3 in Stealth
  9311 | D:3      | Reached XP level 4. HP: 28/30 MP: 3/3
  9391 | D:3      | Noticed Grinder
  9399 | D:3      | Paralysed by Grinder for 3 turns
  9403 | D:3      | XOM: summons 2 friendly demons
  9410 | D:3      | Killed Grinder
  9411 | D:3      | Reached skill level 5 in Stealth
  9411 | D:3      | Reached XP level 5. HP: 12/36 MP: 4/4
  9411 | D:3      | Reached XP level 6. HP: 14/42 MP: 5/5
  9554 | D:3      | Found a glowing drain.
  9558 | Sewer    | Entered a sewer
  9628 | Sewer    | Reached skill level 6 in Stealth
  9678 | Sewer    | XOM: give mutations
  9678 | Sewer    | Gained mutation: Your mind is acute. (Int +4, Str/Dex -1)
                  | [Xom's grace]
  9678 | Sewer    | Gained mutation: You are strong-willed. (Will+) [Xom's
                  | grace]
 10058 | D:3      | Noticed Ijyb
 10065 | D:3      | XOM: swap monsters
 10067 | D:3      | Killed Ijyb
 10068 | D:3      | Reached skill level 1 in Shields
 10555 | D:3      | XOM: summons 1 hostile demon
 10771 | D:4      | Found a staircase to the Ecumenical Temple.
 10795 | D:4      | Found Xudexzuf's Self-Improvement Boutique.
 10814 | D:4      | Reached skill level 7 in Stealth
 10934 | D:4      | Reached XP level 7. HP: 47/47 MP: 6/6
 10980 | D:4      | XOM: scenery: summon butterflies
 10992 | D:4      | Found a shadowy altar of Dithmenos.
 11004 | D:4      | XOM: silly message
 11151 | D:4      | XOM: give mutation
 11151 | D:4      | Gained mutation: You expend magic power (3 MP) to
                  | strengthen your wands. [Xom's grace]
 11194 | D:4      | Noticed Sigmund
 11202 | D:4      | Killed Sigmund
 11203 | D:4      | Reached skill level 8 in Stealth
 11318 | D:5      | Entered Level 5 of the Dungeon
 11358 | D:5      | Reached skill level 5 in Short Blades
 11429 | D:5      | Reached XP level 8. HP: 47/54 MP: 7/7
 11464 | D:5      | XOM: fog
 11482 | D:5      | Reached skill level 1 in Shapeshifting
 11688 | D:5      | XOM: polymorph ice beast -> scorpion
 11691 | D:5      | XOM: cleaving
 11695 | D:5      | XOM: scenery: 1 doors close
 11700 | D:5      | Reached skill level 9 in Stealth
 11782 | D:5      | XOM: cleaving
 11783 | D:5      | XOM: noise
 11839 | D:5      | XOM: 1-stop teleportation journey
 11993 | D:5      | XOM: silly message
 12293 | D:5      | XOM: silly message
 12345 | D:5      | Identified a scroll of acquirement
 12346 | D:5      | Acquired a +1 hat of stealth
 12407 | D:6      | XOM: chaos upgrade
 12415 | D:5      | Reached XP level 9. HP: 48/59 MP: 8/8
 12489 | D:6      | XOM: noise
 12565 | D:6      | Reached skill level 5 in Dodging
 12570 | D:6      | XOM: 2-stop teleportation journey
 12611 | D:6      | XOM: 3-stop teleportation journey
 12633 | D:6      | Reached skill level 10 in Stealth
 12704 | D:6      | XOM: silly message
 12714 | D:6      | Found Tucs's Armour Shoppe.
 12741 | D:6      | XOM: silly message
 13156 | D:7      | XOM: divination: magic mapping
 13166 | D:7      | XOM: noise
 13338 | D:7      | Reached skill level 5 in Fighting
 13341 | D:7      | XOM: noise
 13396 | D:7      | Found a burning altar of Makhleb.
 13396 | D:7      | Found a stormy altar of Qazlal.
 13396 | D:7      | XOM: 4-stop teleportation journey
 13423 | D:8      | XOM: 3-stop teleportation journey
 13459 | D:8      | XOM: cloud trail
 13514 | D:8      | Reached XP level 10. HP: 66/66 MP: 9/9
 13535 | D:8      | Reached skill level 11 in Stealth
 13548 | D:8      | Found a runed translucent door.
 13548 | D:8      | Found a runed translucent door.
 13548 | D:8      | Noticed a centaur warrior
 13548 | D:8      | Noticed a centaur warrior
 13618 | D:8      | XOM: potion effect (heal wounds)
 13625 | D:8      | XOM: confuse monster(s)
 13629 | D:8      | XOM: cast spell 'Metabolic Englaciation'
 13833 | D:8      | Noticed a centaur warrior
 13840 | D:8      | a shapeshifter changed into a salamander
 13840 | D:8      | Noticed a salamander (shapeshifter)
 13850 | D:8      | Killed a salamander
 13851 | D:8      | Reached skill level 12 in Stealth
 13851 | D:8      | Reached skill level 5 in Shapeshifting
 14211 | D:7      | XOM: cast spell 'Leda's Liquefaction'
 14517 | D:7      | Found a white marble altar of Elyvilon.
 14517 | D:7      | Found a glowing golden altar of the Shining One.
 14539 | D:7      | XOM: scenery: create altars
 14550 | D:7      | XOM: give mutations
 14550 | D:7      | Gained mutation: You have a pair of antennae on your head.
                  | [Xom's grace]
 14550 | D:7      | Gained mutation: You have supernaturally acute eyesight.
                  | (SInv) [Xom's grace]
 14550 | D:7      | Gained mutation: Your flesh is cold resistant. (rC+) [Xom's
                  | grace]
 14550 | D:7      | Gained mutation: You are resistant to electric shocks.
                  | (rElec) [Xom's grace]
 14551 | D:7      | XOM: summons 2 friendly demons
 14561 | D:7      | Engulfed by a steam dragon's steam

Illustrated notes

Levels and vault maps discovered:
D:1:      dpeg_arrival_rooms_b, layout_basic
D:2:      layout_rooms, basic_altar
D:3:      layout_loops_ring, gup_sewer_entry_bowl, grunt_decor_arrowhead,
          uniq_grinder, uniq_ijyb
D:4:      layout_basic, grunt_dithmenos_smoke, minmay_temple_entry_butterflies,
          serial_rivers, chequers_serial_rivers_micro_e,
          chequers_serial_rivers_marsh, chequers_serial_rivers_small_b,
          chequers_serial_rivers_small_a, chequers_serial_rivers_small_b,
          nicolae_shop_self_help, uniq_sigmund
D:5:      cheibrodos_helix_gallery, layout_gridville, serial_undead,
          serial_undead_f, serial_undead_a, serial_undead_f, serial_undead_e
D:6:      layout_basic, serial_shops, shop
D:7:      layout_loops_ring, jmf_multi_god_temple,
          nicolae_overflow_hidden_temple, minmay_nine_imps
D:8:      minmay_the_grid_four_pointed_star
          [minmay_the_grid_triangle_9x9_impossible_snake,
          minmay_the_grid_triangle_9x9_tough_junction,
          minmay_the_grid_triangle_9x9_descending_squares,
          minmay_the_grid_triangle_9x9_zippers_vertical,
          minmay_the_grid_prize_four_corners], layout_basic,
          grunt_temple_overflow_cloverleaf, hangedman_decor_slide_cut

Skill      XL: |  1  2  3  4  5  6  7  8  9 10 |
---------------+-------------------------------+-----
Stealth        | 1 3 5 7 8 9 10 12 | 12.2
Short Blades   | 4 5 6 7 |  7.6
Dodging        | 3 4 5 6 |  6.4
Shields        | 1 2 4 |  4.6
Shapeshifting  | 2 4 5 |  5.2
Fighting       | 4 5 |  5.3

Action                     |  1- 3 |  4- 6 |  7- 9 | 10-12 || total
---------------------------+-------+-------+-------+-------++-------
  Melee: Short sword       |    84 |    95 |   121 |       ||   300
         Constrict         |    21 |    30 |    49 |    23 ||   123
         Tentacles         |    12 |    17 |    70 |    30 ||   129
         Punch             |     1 |     1 |     5 |     4 ||    11
         Kick              |    15 |    31 |   103 |    42 ||   191
         Dagger            |       |       |   126 |   101 ||   227
    Use: Potion            |       |     1 |       |       ||     1
         Scroll            |       |     4 |     2 |       ||     6
   Stab: Sleeping          |     8 |    19 |    22 |     7 ||    56
         Confused          |       |     1 |       |     3 ||     4
         Paralysed         |       |       |     2 |       ||     2
 Armour: Skin              |    28 |    13 |    94 |    28 ||   163
  Dodge: Dodged            |    55 |    32 |   141 |    52 ||   280
  Block: Other             |     7 |    11 |    72 |    37 ||   127
         Reflection        |       |       |     1 |     1 ||     2

Table legend: (Time is in decaauts)
 A = Elapsed time spent in this place.
 B = Non-inter-level travel time spent in this place.
 C = Inter-level travel time spent in this place.
 D = Time resting spent in this place.
 E = Time spent auto-exploring this place.
 F = Levels seen in this place.
 G = Mean time per level.
                   A        B        C        D        E       F      G
               +--------+--------+--------+--------+--------+-----+--------+
         Total |  14426 |  14225 |    201 |   8742 |   4112 |   9 | 1602.9 |
       Dungeon |  14069 |  13868 |    201 |   8742 |   3896 |   8 | 1758.6 |
         Sewer |    356 |    356 |      0 |      0 |    216 |   1 |  356.0 |
               +--------+--------+--------+--------+--------+-----+--------+

Top non-repeatable levels by time:
     D:1: 8972 daAuts
     D:5: 1048 daAuts
     D:3: 1017 daAuts
     D:7: 983 daAuts
     D:6: 648 daAuts
     D:4: 628 daAuts
     D:8: 451 daAuts
   Sewer: 356 daAuts
     D:2: 320 daAuts
